 Dungeon Crawl Stone Soup version 0.21-a0-142-gdd972a7 (webtiles) character file.

2825 valhalheru the Fighter (level 9, 0/81 HPs)
             Began as a Hill Orc Berserker on July 23, 2017.
             Was an Elder of Trog.
             Slain by an orc knight
             ... wielding a +0 battleaxe
              (5 damage)
             ... in a bailey on July 24, 2017.
             The game lasted 00:21:38 (5986 turns).

valhalheru the Fighter (Hill Orc Berserker)         Turns: 5986, Time: 00:21:38

Health: 0/81       AC: 19    Str: 22    XL:     9   Next: 73%
Magic:  0/9        EV:  4    Int:  7    God:    Trog [****..]
Gold:   336        SH: 14    Dex: 11    Spells: 8/8 levels left

rFire    . . .     SeeInvis .   j - +3 rapier
rCold    . . .     Gourm    .   s - +0 large shield
rNeg     . . .     Faith    .   o - +0 plate armour
rPois    +         Spirit   +   D - +0 helmet
rElec    .         Reflect  .   k - scarf {Spirit}
rCorr    .         Harm     .   (no gloves)
MR       .....                  (no boots)
Stlth    ..........             (no amulet)
HPRegen  0.23/turn              b - +5 ring of protection
MPRegen  0.11/turn              K - ring of poison resistance

@: berserk cooldown, slowed, very slow
A: no striking features
a: Berserk, Trog's Hand, Brothers in Arms, Burn Spellbooks, Renounce Religion


You were in a bailey.
You worshipped Trog.
Trog was greatly pleased with you.
You were hungry.

You visited 2 branches of the dungeon, and saw 9 of its levels.
You also visited: Bailey.

You collected 336 gold pieces.

Inventory:

Hand Weapons
 j - a +3 rapier (weapon)
 m - a +0 whip of flaming
 t - a +2 mace of crushing
Missiles
 g - 180 stones
 y - 20 tomahawks of returning
 N - 5 needles of sleeping
 O - 4 javelins (quivered)
Armour
 k - a scarf of spirit shield (worn)
 o - a +0 plate armour (worn)
 s - a +0 large shield (worn)
 D - a +0 helmet (worn)
Jewellery
 b - a +5 ring of protection (left hand)
 x - an uncursed ring of protection from magic
 J - an uncursed ring of flight {unknown}
 K - a ring of poison resistance (right hand)
Wands
 Q - a wand of iceblast (11/15)
Scrolls
 a - a scroll of amnesia {unknown}
 e - 6 scrolls of remove curse
 l - a scroll of enchant weapon {unknown}
 n - a scroll of fear
 r - 2 scrolls of enchant armour {unknown}
 z - 2 scrolls of magic mapping {unknown}
 C - 2 scrolls of summoning {unknown}
 E - a scroll of identify
 F - a scroll of random uselessness {unknown}
 H - a scroll of acquirement {unknown}
 M - a scroll of blinking {unknown}
Potions
 d - 2 potions of cancellation
 f - 3 potions of lignification
 i - 4 potions of curing
 p - 3 potions of might
 q - 2 potions of agility
 v - a potion of berserk rage
 A - 2 potions of degeneration {unknown}
 G - a potion of resistance {unknown}
 I - 2 potions of invisibility {unknown}
 L - 2 potions of mutation {unknown}
 P - 2 potions of haste {unknown}
Comestibles
 c - 9 bread rations
 h - 4 meat rations
 u - a royal jelly
 w - 4 fruits
 B - 7 chunks of flesh


   Skills:
 * Level 8.2 Fighting
 * Level 5.5 Short Blades
   Level 4.9 Axes
 + Level 3.5 Throwing
 * Level 7.0 Armour
 + Level 4.3 Dodging
 + Level 4.1 Shields


You had 8 spell levels left.
You didn't know any spells.

Dungeon Overview and Level Annotations

Branches:
Dungeon (8/15)             Temple (1/1) D:5
   Lair: D:8-11

Altars:
Cheibriados
Dithmenos
Elyvilon
Fedhas
Gozag
Hepliaklqana
Makhleb
Nemelex Xobeh
Okawaru
Ru
Trog
Uskayaw
Wu Jian
Xom
Yredelemnul
Zin
The Shining One

Shops:
D:7 [


Message History

The orc knight hits you with a battleaxe!
Your shield and plate armour prevent you from hitting the orc knight.
The orc knight is almost dead.
The hobgoblin hits you with a war axe. You block the kobold's attack.
You block the goblin's attack. You block the kobold's attack.
The orc warrior hits you with a war axe!
* * * LOW HITPOINT WARNING * * *
The kobold hits you but does no damage.
The orc knight hits you with a battleaxe.
* * * LOW HITPOINT WARNING * * *
The hobgoblin hits you but does no damage.
The kobold barely misses you.
The orc warrior hits you with a war axe!
* * * LOW HITPOINT WARNING * * *
The goblin hits you but does no damage.
You hit the orc knight.
The orc knight is almost dead.
The kobold hits you but does no damage. You block the kobold's attack.
The orc knight hits you with a battleaxe.
You die...

... ... ... ###'###
##.....## #...8...#
#∩(oog?∩# #.K@g.#
####''K####
##≈.......≈##
#≈≈.......≈≈###
.'≈≈.......≈≈'.'^#
###≈≈.......≈≈###.#
.'≈≈.......≈≈'.'
###≈≈.......≈≈###
'.K≈≈.......≈≈K.'


You could see an orc knight, an orc warrior, a hobgoblin, a goblin and 2
kobolds.

Vanquished Creatures
  Pikel (D:4)
  Joseph (D:7)
  The ghost of grabnar the Destroyer, a novice DECj of Vehumet (D:7)
  A hippogriff (D:7)
  Sigmund (D:6)
  A spriggan (D:7)
  An orc warrior (Bailey)
  An ice beast (D:7)
  2 ogres
  A phantom (D:7)
  2 big kobolds (D:7)
  2 bullfrogs (D:7)
  2 crimson imps (D:5)
  A centaur zombie (D:7)
  2 hounds (D:7)
  2 orc priests
  Crazy Yiuf (D:4)
  2 iguanas
  2 bullfrog skeletons (D:5)
  An orc wizard (D:5)
  2 worker ants (D:4)
  A howler monkey zombie (D:7)
  2 worker ant zombies
  6 adders
  A howler monkey skeleton (D:7)
  A shadow imp (D:6)
  An ooze (D:1)
  2 dart slugs
  4 leopard geckos
  13 orcs
  9 bats
  5 giant cockroaches
  6 goblins
  10 hobgoblins
  4 jackals (D:7)
  A quokka (D:2)
  A ball python (D:5)
  5 frilled lizards
  A jackal skeleton (D:5)
  20 kobolds
  A leopard gecko zombie (D:7)
  12 rats
136 creatures vanquished.

Vanquished Creatures (others)
  A bullfrog skeleton (D:7)
  An adder (D:4)
  A quokka (D:4)
3 creatures vanquished.

Grand Total: 139 creatures vanquished

Notes
Turn   | Place    | Note
-------+----------+-------------------------------------------
     0 | D:1      | valhalheru the Hill Orc Berserker began the quest for the Orb.
     0 | D:1      | Reached XP level 1. HP: 19/19 MP: 1/1
   274 | D:1      | Reached XP level 2. HP: 27/27 MP: 2/2
   751 | D:1      | Reached XP level 3. HP: 33/33 MP: 3/3
   940 | D:1      | Found a sparkling altar of Nemelex Xobeh.
   972 | D:2      | Found a hide-covered altar of Uskayaw.
   972 | D:2      | Found an iron altar of Okawaru.
  1033 | D:2      | Reached skill level 4 in Fighting
  1294 | D:2      | Reached ** piety under Trog
  1418 | D:2      | Reached XP level 4. HP: 25/40 MP: 0/4
  1993 | D:3      | Reached XP level 5. HP: 31/47 MP: 5/5
  2496 | D:3      | Found a snail-covered altar of Cheibriados.
  2581 | D:4      | Got a pair of slimy gloves
  2582 | D:4      | Noticed an ogre
  2597 | D:4      | Killed an ogre
  2597 | D:4      | Reached skill level 1 in Short Blades
  2597 | D:4      | Reached XP level 6. HP: 23/55 MP: 2/6
  2791 | D:4      | Identified the -4 pair of gloves of Love and Death {+Fly rElec Regen+ Dex+2} (You found it on level 4 of the Dungeon)
  2829 | D:4      | Found a runed door.
  2868 | D:4      | Noticed a slave
  2870 | D:4      | Noticed a slave
  2871 | D:4      | Noticed Pikel
  2873 | D:4      | Noticed a slave
  2874 | D:4      | Noticed a slave
  2890 | D:4      | Killed Pikel
  2890 | D:4      | Reached skill level 5 in Fighting
  2890 | D:4      | Reached skill level 1 in Throwing
  2890 | D:4      | Reached XP level 7. HP: 62/62 MP: 5/7
  3276 | D:4      | Noticed Crazy Yiuf
  3288 | D:4      | Killed Crazy Yiuf
  3288 | D:4      | Reached skill level 6 in Fighting
  3341 | D:5      | Entered Level 5 of the Dungeon
  3391 | D:5      | Reached skill level 5 in Armour
  3581 | D:5      | Reached *** piety under Trog
  3603 | D:5      | Reached XP level 8. HP: 70/70 MP: 8/8
  3666 | D:5      | Found a staircase to the Ecumenical Temple.
  3672 | Temple   | Entered the Ecumenical Temple
  4228 | D:6      | Noticed Sigmund
  4271 | D:6      | Killed Sigmund
  4495 | D:7      | Noticed grabnar's ghost (novice DECj)
  4508 | D:7      | Killed grabnar's ghost
  4513 | D:7      | Reached skill level 7 in Fighting
  4528 | D:7      | Reached XP level 9. HP: 49/79 MP: 9/9
  4717 | D:7      | Found Gizulir's Armour Emporium.
  4728 | D:7      | Received a gift from Trog
  5103 | D:7      | Noticed Joseph
  5124 | D:7      | Killed Joseph
  5124 | D:7      | Reached skill level 5 in Short Blades
  5344 | D:7      | Reached skill level 8 in Fighting
  5390 | D:7      | Found a shadowy altar of Dithmenos.
  5390 | D:7      | Found a hazy altar of Hepliaklqana.
  5816 | D:8      | Found a flagged portal.
  5848 | Bailey   | Entered a bailey
  5859 | Bailey   | Reached **** piety under Trog
  5966 | Bailey   | Noticed an orc knight
  5985 | Bailey   | HP: 4/81 [orc warrior/war axe (8)]
  5986 | Bailey   | Slain by an orc knight

Vault maps used:
D:1:      minmay_arrival_loop, nemelex_diamond_rough_becter
D:2:      cheibrodos_helix_gallery, chequers_temple_overflow_statue_of_worship
D:3:      kennysheep_slug_shrine
D:4:      first_bread, dk_noncrumbling_3, uniq_pikel, uniq_crazy_yiuf_cottage
D:5:      minmay_temple_entry_hall
D:6:      grunt_temple_overflow_magic_moments, nicolae_qazlal_style_of_elements,
          minmay_misc_feat_x, uniq_grinder, uniq_eustachio, uniq_sigmund
D:7:      gammafunk_temple_overflow_pools, serial_shops, shop, the_bakery,
          kennysheep_generic_room_7, uniq_joseph
D:8:      cheibrodos_ashenzari_chains, enter_bailey_3
Temple:   nicolae_temple_no_exploring_needed
Bailey:   bailey_axe_3, bailey

Skill      XL: |  1  2  3  4  5  6  7  8  9 |
---------------+----------------------------+-----
Dodging        | 2 3 4 |  4.3
Fighting       | 4 5 6 7 8 |  8.2
Armour         | 3 4 5 6 7 |  7.0
Short Blades   | 1 2 3 4 5 |  5.5
Throwing       | 1 3 |  3.5
Shields        | 2 3 4 |  4.1
Axes           | |  4.9

Action                   |  1- 3 |  4- 6 |  7- 9 || total
-------------------------+-------+-------+-------++-------
Melee: Hand axe          |    77 |    32 |       ||   109
       Rapier            |       |    51 |   371 ||   422
Throw: Stone             |   103 |    67 |    92 ||   262
       Javelin           |       |       |    53 ||    53
Invok: Berserk           |       |     2 |     2 ||     4
  Use: Scroll            |     3 |     2 |     3 ||     8
  Eat: Chunk             |     2 |       |     7 ||     9
       Fruit             |       |     1 |       ||     1
       Meat ration       |       |     1 |     1 ||     2
Armor: Animal skin       |    15 |       |       ||    15
       Plate armour      |     5 |    79 |   252 ||   336
Dodge: Dodged            |    56 |    24 |    34 ||   114
Block: Large shield      |       |    25 |   298 ||   323
